 Dungeon Crawl Stone Soup version 0.16.2-2-g470672f (webtiles) character file.

86 Misdraevus the Skirmisher (level 4, -7/43 HPs)
             Began as a Naga Berserker on Aug 20, 2015.
             Was a Follower of Trog.
             Mangled by a gnoll
             ... wielding a +0 halberd
              (11 damage)
             ... on level 3 of the Dungeon.
             The game lasted 00:17:15 (3280 turns).

Misdraevus the Skirmisher (Naga Berserker)          Turns: 3280, Time: 00:17:16

Health: -7/43      AC:  7    Str: 17    XL:     4   Next: 49%
Magic:  4/4        EV:  3    Int:  7    God:    Trog [*.....]
Gold:   63         SH:  0    Dex: 11    Spells: 0 memorised, 3 levels left

rFire  . . .     SeeInvis +     m - +0 mace
rCold  + . .     Clarity  .     n - +0 plate armour
rNeg   . . .     SustAb   .     (no shield)
rPois  +         Gourm    .     (no helmet)
rElec  .         Spirit   .     (no cloak)
rCorr  .         Warding  .     (no gloves)
rMut   .         Stasis   .     (no barding)
MR     .....                    (no amulet)
Stlth  ..........               o - ring of protection from cold
                                e - -3 ring of strength (curse)

@: very slow, not resistant to hostile enchantments, extremely unstealthy
A: spit poison, see invisible, deformed body, poison resistance, slowness 2, AC
+1
a: Spit Poison, Burn Spellbooks, Berserk, Renounce Religion


You were on level 3 of the Dungeon.
You worshipped Trog.
Trog was aware of your devotion.
You were not hungry.

You visited 1 branch of the dungeon, and saw 3 of its levels.

You collected 63 gold pieces.

Inventory:

Hand weapons
 m - a +0 mace (weapon)
Missiles
 c - 16 bolts
Armour
 n - a +0 plate armour (worn)
Jewellery
 e - a cursed -3 ring of strength (left hand)
 o - a ring of protection from cold (right hand)
Scrolls
 b - a scroll of fog {unknown}
 d - 4 scrolls of remove curse {unknown}
 i - a scroll of random uselessness {unknown}
 k - 2 scrolls of teleportation {unknown}
 r - 3 scrolls of identify {unknown}
Potions
 j - a potion of beneficial mutation {unknown}
 l - 2 potions of restore abilities {unknown}
 p - 2 potions of curing {unknown}
 q - 2 potions of flight {unknown}
 s - 2 potions of brilliance {unknown}
 t - a potion of heal wounds {unknown}
Comestibles
 a - a bread ration
 f - 2 fruits
 g - a beef jerky


   Skills:
 + Level 3.6 Fighting
   Level 3.2 Long Blades
 + Level 1.5 Maces & Flails
 + Level 2.5 Armour
 + Level 1.9 Dodging


You had 3 spell levels left.
You didn't know any spells.

Dungeon Overview and Level Annotations

Branches:
Dungeon (3/15)

Altars:


Innate Abilities, Weirdness & Mutations

You cannot wear boots.
You can spit poison.
Your serpentine skin is tough (AC +1).
You have supernaturally acute eyesight.
Armour fits poorly on your strangely shaped body.
Your system is resistant to poisons.
You cover ground very slowly.


Message History

The gnoll shouts!
The gnoll hits you with a spear.
* * * LOW HITPOINT WARNING * * *
The gnoll hits you but does no damage.
The gnoll hits you from afar with a halberd.
* * * LOW HITPOINT WARNING * * *
A gnoll and a gnoll sergeant come into view.
Tossing away (i - inventory):
u - a fuming cyan potion
Press: ? - help, Shift-Dir - straight line, f - gnoll
Aim: a gnoll You toss away a fuming cyan potion.
The gnoll sergeant shouts!
The gnoll shouts!
The fuming cyan potion hits the gnoll but does no damage.
The gnoll hits you with a spear.
* * * LOW HITPOINT WARNING * * *
The gnoll hits you but does no damage. The gnoll barely misses you.
The gnoll completely misses you. The gnoll hits you but does no damage.
You hit the gnoll but do no damage.
The gnoll hits you from afar with a halberd!
You die...

... ..#.<# #.#.#.## #.#
#.#..# #.#.#.# #.# #.#.>#
######.....#### #.# #.#..#
#.............# ..###.#..#
#........g..#..#
...##...)####..........##
.#
.................g..)g..#
......)#.####....g.g###...#
...(...#># #...@g..# #.##
.........####.......# .#
(.....[........!.#### #
.....#.#<########..
....##....†.......#
.#######.########## .# #.#
.# #.# .. ..#


You could see a gnoll sergeant and 5 gnolls.

Vanquished Creatures
  4 adders (D:2)
  A giant mite (D:2)
  2 oozes (D:2)
  6 goblins
  10 hobgoblins
  7 ball pythons (D:2)
  4 bats
  4 giant newts
  3 jackals (D:2)
  5 rats
46 creatures vanquished.

Notes
Turn   | Place    | Note
--------------------------------------------------------------
     0 | D:1      | Misdraevus, the Naga Berserker, began the quest for the Orb.
     0 | D:1      | Reached XP level 1. HP: 21/21 MP: 1/1
   652 | D:1      | Reached XP level 2. HP: 26/28 MP: 2/2
  1838 | D:2      | Reached XP level 3. HP: 17/34 MP: 3/3
  2305 | D:2      | Reached skill level 1 in Maces & Flails
  2345 | D:2      | Reached XP level 4. HP: 35/42 MP: 4/4
  3279 | D:3      | Noticed a gnoll sergeant
  3280 | D:3      | Mangled by a gnoll

Action                   |  1- 3 |  4- 6 || total
-------------------------+-------+-------++-------
Melee: Falchion          |    46 |       ||    46
       Mace              |    94 |    62 ||   156
  Eat: Bread ration      |     1 |     1 ||     2
